Map: Void Launch

Players

Yuriprime

  • Race: Zerg Zerg
  • Spawn Location: 6:00

LilArrin

  • Race: Terran Terran
  • Spawn Location: 6:00

VOD

Have the link to the VOD?

Description

Time

  • Played on: Jan. 27, 2018, 10:42 p.m.
  • Length: 24:08
Show
View Real Time Build Order
Export as new Build Order

Yuriprime Zerg 

Build Orders:  

Get SALT Encoding   

  12  0:04  Drone  
  13  0:18  Overlord  
  13  0:25  Drone  
  14  0:43  Drone x2  
  14  0:47  Drone  
  17  1:00  Roach Warren  
  17  1:06  Drone  
  17  1:11  Drone  
  17  1:16  Extractor  
  17  1:29  Roach  
  19  1:36  Drone  
  20  1:43  Roach  
  20  1:46  Extractor  
  21  1:54  Overlord  
  21  1:59  Drone  
  22  2:26  Lair  
  22  2:33  Roach  
  24  2:46  Drone  
  24  2:47  Drone  
  26  3:07  Roach  
  26  3:29  Brutalisk  
  26  3:40  Drone  
  26  3:41  Drone x3  
  26  3:45  Spire  
  26  3:46  Overlord  
  29  4:20  Mutalisk x2  
  29  4:22  Overlord  
  29  4:23  Roach  
  33  4:45  Brutalisk  
  33  5:02  Roach  
  33  5:21  Mutalisk  
  33  5:24  Brutalisk  
  35  5:39  Mutalisk  
  35  5:52  Zerg Flyer Weapons Level 1  
  35  5:53  Overseer  
  35  5:56  Drone  
  35  5:57  Drone x4  
  40  6:01  Evolution Chamber, Mutalisk  
  40  6:07  Leviathan  
  39  6:29  Leviathan  
  39  6:43  Mutalisk  
  39  7:11  Leviathan  
  39  7:20  Overlord x3  
  39  7:21  Overlord  
  39  8:05  Zerg Flyer Weapons Level 2, Zerg Missile Weapons Level 1  
  39  10:40  Drone  
  39  10:41  Drone x8  
  48  10:59  Hatchery  
  47  11:21  Zerg Missile Weapons Level 2  
  47  11:25  Infestation Pit  
  46  11:31  Hatchery  
  46  11:34  Hatchery  
  44  11:42  Drone  
  44  11:43  Drone x6  
  51  11:51  Extractor  
  51  11:57  Extractor  
  51  11:59  Greater Spire  
  49  12:29  Drone  
  50  12:30  Drone x9  
  50  12:31  Drone x5  
  50  12:33  Hive  
  64  13:06  Drone  
  64  13:07  Drone x15  
  80  13:10  Extractor  
  80  13:11  Extractor  
  80  13:13  Extractor  
  80  13:14  Extractor  
  76  13:25  Overlord x4  
  76  13:26  Overlord x2  
  76  13:41  Zerg Missile Weapons Level 3  
  76  13:45  Corrosive Spray  
  76  13:49  Drone  
  77  13:50  Drone x11  
  87  14:30  Mutalisk  
  87  14:31  Mutalisk x8  
  87  14:33  Mutalisk  
  87  14:38  Mutalisk  
  109  14:42  Mutalisk  
  109  14:46  Mutalisk  
  109  14:48  Zerg Flyer Weapons Level 3  
  113  15:10  Mutalisk  
  113  15:11  Mutalisk x4  
  123  15:54  Mutalisk  
  123  15:56  Mutalisk x2  
  123  15:57  Mutalisk x15  
  123  16:03  Hatchery  
  122  16:12  Devourer  
  122  16:14  Devourer x2  
  122  16:15  Devourer x15  
  122  16:37  Extractor  
  121  17:12  Drone  
  121  17:13  Drone x5  
  121  17:14  Drone x4  
  121  17:15  Drone x2  
  133  17:20  Overlord x4  
  133  17:21  Mutalisk  
  133  17:22  Mutalisk x7  
  149  17:53  Mutalisk  
  149  17:54  Mutalisk x11  
  173  18:30  Mutalisk  
  173  18:31  Mutalisk x12  
  173  18:35  Mutalisk  
  173  18:36  Mutalisk  
  173  18:42  Overlord x6  
  173  18:43  Mutalisk  
  173  18:44  Mutalisk x3  
  173  18:48  Devourer, Extractor  
  173  18:49  Devourer x12  
  180  18:51  Zerg Flyer Armor Level 1  
  180  18:52  Zerg Ground Armor Level 1  
  180  18:53  Devourer  
  180  18:54  Devourer  
  180  19:38  Mutalisk x2  
  180  19:39  Mutalisk x7  
  180  19:56  Devourer x2  
  180  19:57  Devourer x7  
  180  20:06  Mutalisk x5  
  180  20:07  Mutalisk x5  
  200  20:31  Spore Crawler  
  200  20:32  Spore Crawler  
  200  20:37  Spore Crawler x2  
  200  20:38  Spore Crawler  
  195  20:41  Spore Crawler  
  195  20:47  Spore Crawler  
  195  20:49  Spore Crawler  
  192  20:52  Mutalisk  
  192  20:53  Mutalisk x9  
  192  21:03  Mutalisk  
  192  21:04  Mutalisk x3  
  200  21:10  Devourer  
  200  21:11  Devourer x9  
  200  21:21  Mutalisk x2  
  200  21:22  Mutalisk x2  
  200  21:39  Devourer x2  
  200  21:40  Devourer x2  
  200  22:43  Spore Crawler  
  200  22:46  Spore Crawler  
  200  22:47  Spore Crawler  
  200  22:49  Spore Crawler  
  196  22:51  Spore Crawler  
  196  22:54  Spore Crawler  
  196  22:56  Spore Crawler  
Show
View Real Time Build Order
Export as new Build Order

LilArrin Terran 

Build Orders:  

Get SALT Encoding   

  12  0:03  SCV  
  13  0:20  SCV  
  14  0:37  SCV  
  15  0:44  Supply Depot  
  15  0:54  SCV  
  16  1:11  SCV  
  17  1:26  Command Center  
  17  1:29  SCV  
  18  1:46  SCV  
  19  1:51  Barracks  
  19  2:03  SCV  
  20  2:25  Orbital Command  
  20  2:49  Command Center  
  20  3:01  SCV  
  20  3:07  Orbital Command  
  21  3:16  Refinery  
  21  3:18  SCV  
  22  3:24  Refinery  
  22  3:35  SCV  
  22  3:38  Barracks  
  23  3:44  SCV  
  24  3:56  SCV  
  24  3:58  Barracks  
  25  4:02  Barracks Tech Lab, Combat Shields  
  25  4:14  SCV  
  25  4:15  Barracks Reactor  
  25  4:19  Supply Depot  
  26  4:20  SCV  
  26  4:21  Supply Depot  
  27  4:36  Orbital Command  
  27  4:38  Barracks Reactor  
  27  4:46  Marine  
  28  4:56  Marine  
  29  5:00  SCV  
  29  5:06  Marine  
  29  5:07  Marine, Supply Depot  
  31  5:16  Marine x2  
  31  5:18  Marine  
  34  5:26  Marine  
  34  5:27  Marine x2  
  34  5:28  Marine  
  37  5:37  Medic  
  39  5:40  Supply Depot  
  39  5:42  Marine x2  
  39  5:44  Marine  
  39  5:46  Marine  
  39  5:47  Medic  
  45  5:52  Marine  
  45  5:57  Medic  
  45  5:58  Marine  
  48  6:06  Marine x2  
  48  6:07  Medic  
  53  6:14  Marine x2  
  53  6:17  Marine  
  53  6:18  Medic, Marine  
  57  6:24  Marine x2  
  57  6:28  Medic, Marine  
  57  6:29  Marine  
  63  6:34  Marine x2  
  67  6:43  Marine x2  
  67  6:45  Medic, Marine x2  
  70  6:55  Marine x2  
  70  6:57  Marine x2  
  72  7:00  Marine  
  72  7:05  Marine  
  72  7:06  Marine  
  72  7:08  Marine  
  75  7:22  Supply Depot  
  75  7:27  Marine  
  75  7:29  Marine  
  73  7:31  Marine x2  
  73  7:35  Marine  
  73  7:39  Marine  
  78  7:46  Marine x2  
  81  7:50  Marine  
  81  7:51  Medic, Marine  
  81  7:56  Marine  
  81  7:57  Marine  
  83  8:01  Medic, Marine  
  83  8:08  Marine x3  
  86  8:11  Medic  
  86  8:19  Marine x2  
  90  8:21  Marine  
  93  8:31  Marine  
  93  8:34  Marine  
  93  8:37  Marine  
  93  8:44  Marine, Supply Depot  
  93  8:46  Marine x2  
  93  8:49  Marine  
  95  8:50  Marine  
  95  8:54  Medic  
  95  8:56  Marine x2  
  101  9:34  Command Center  
  101  10:00  Medic, Marine x4, Supply Depot  
  107  10:10  Marine x2  
  109  10:20  Marine, Factory  
  109  10:24  Stabilizer Medpacks  
  109  10:26  Command Center  
  109  10:28  Orbital Command  
  109  10:44  Engineering Bay  
  109  10:46  Engineering Bay  
  109  11:09  Barracks  
  109  11:17  Orbital Command  
  109  11:18  SCV  
  109  11:19  SCV x2  
  112  11:24  Terran Infantry Weapons Level 1, Concussive Shells  
  112  11:29  Terran Infantry Armor Level 1  
  112  11:32  Factory Tech Lab  
  112  11:35  SCV  
  113  11:40  SCV  
  113  11:42  Refinery  
  113  11:43  SCV  
  115  11:59  Armory  
  115  12:00  Replenishable Magazine  
  115  12:01  Vulture  
  117  12:11  Vulture  
  117  12:12  Orbital Command  
  117  12:18  Barracks Reactor  
  117  12:19  SCV x3  
  122  12:21  Vulture  
  122  12:28  SCV  
  125  12:31  Marine  
  125  12:34  Supply Depot  
  126  12:45  SCV x2  
  128  12:52  Command Center  
  128  12:54  Vulture  
  130  13:00  Cerberus Mines  
  130  13:04  Vulture  
  130  13:08  Terran Vehicle and Ship Weapons Level 1  
  132  13:11  SCV x2  
  134  13:22  Marine x3  
  134  13:23  Marine x2  
  134  13:24  Medic  
  134  13:29  SCV  
  142  13:30  SCV x2  
  142  13:33  Vulture  
  146  13:42  Marine  
  147  13:53  Marine, Supply Depot, Vulture  
  147  13:55  Supply Depot  
  150  14:04  Vulture  
  152  14:10  Marine  
  152  14:11  Marine x3, Missile Turret  
  152  14:12  Medic, Missile Turret  
  152  14:13  Missile Turret  
  152  14:15  Missile Turret  
  158  14:38  Orbital Command  
  158  14:40  Terran Infantry Weapons Level 2  
  158  14:41  Missile Turret, Terran Infantry Armor Level 2  
  158  14:45  Missile Turret  
  158  14:46  Missile Turret  
  158  14:48  Missile Turret  
  158  15:04  Marine x2  
  158  15:05  Marine  
  158  15:08  Medic x2, Marine  
  161  15:14  Marine  
  161  15:18  Supply Depot, Missile Turret  
  167  15:20  Missile Turret  
  167  15:21  Supply Depot  
  167  15:23  Supply Depot  
  167  15:24  Supply Depot  
  167  15:25  Missile Turret  
  167  15:41  Supply Depot  
  167  15:44  Supply Depot  
  167  15:45  Supply Depot  
  167  15:48  Afterburners  
  166  15:55  Missile Turret  
  166  15:57  Missile Turret  
  166  15:59  Missile Turret  
  166  16:00  Missile Turret  
  166  16:12  Medic, Marine x2  
  166  16:14  Missile Turret  
  166  16:16  Missile Turret  
  166  16:18  Missile Turret x2  
  170  16:48  Terran Vehicle and Ship Weapons Level 2  
  170  16:52  Missile Turret  
  170  16:53  Missile Turret  
  170  16:55  Missile Turret  
  170  16:56  Missile Turret  
  170  17:39  Missile Turret x2  
  170  17:43  Missile Turret  
  170  17:44  Missile Turret  
  170  17:49  Missile Turret  
  170  17:51  Marine x2  
  170  17:53  Marine x2  
  170  17:54  Marine x2, Missile Turret  
  176  18:01  Terran Infantry Weapons Level 3, Marine x2, Missile Turret  
  176  18:02  Terran Infantry Armor Level 3, Missile Turret  
  176  18:03  Marine  
  176  18:04  Medic  
  181  18:17  Starport  
  180  18:26  Starport  
  180  18:32  Missile Turret  
  180  18:33  Missile Turret x2  
  180  18:37  Missile Turret  
  180  18:39  Missile Turret x2  
  171  19:19  Starport Reactor, Starport Tech Lab  
  170  19:20  Missile Turret x2  
  170  19:21  Missile Turret  
  170  19:22  Missile Turret  
  170  19:53  Phobos Weapons System  
  170  19:58  Advanced Optics  
  170  20:00  Viking  
  172  20:18  Viking  
  174  20:31  Missile Turret  
  174  20:32  Missile Turret  
  174  20:39  Missile Turret  
  174  20:53  Ripwave Missiles  
  174  20:57  Missile Turret  
  171  21:04  Missile Turret  
  171  21:08  Viking x3, Missile Turret x3  
  171  21:09  Missile Turret  
  177  21:26  Missile Turret  
  177  21:27  Missile Turret  
  177  21:33  Missile Turret  
  177  21:36  Viking  
  179  21:58  Marine  
  179  21:59  Marine x5  
  179  22:08  Viking x2  
  179  22:09  Marine x2  
  187  22:24  Marine x3  
  187  22:25  Marine x2  
  187  22:26  Marine  
  187  22:27  Missile Turret  
  187  22:28  Viking  
  187  22:29  Missile Turret  
  181  22:34  Marine x3  
  186  22:44  Missile Turret  
  186  22:47  Viking  
  186  22:49  Marine x4  
  188  22:53  Marine x2  
  188  22:57  Missile Turret  
  188  22:59  Marine x3, Missile Turret  
  194  23:00  Marine  
  194  23:03  Medic  
  200  23:26  Missile Turret  
  200  23:28  Missile Turret  
  200  23:55  Missile Turret  
Tags
 
Commander
AbathurRaynor
Matchup
Co-op
Replay Pack
Co-op Speedrun
Add a new tag
Caveats
  • Supply blocks, unpowered buildings, or Contaminate may cause inaccurate times.
  • Supply counts are checked every 10 seconds.